 Dungeon Crawl Stone Soup version 0.30-b1-2-g02819fbbbe (webtiles) character file.

Game seed: 10092816891723341310

10203 dorian the Carver (level 11, -1/75 HPs)
             Began as a Formicid Fighter on May 17, 2023.
             Was a Follower of Okawaru.
             Slain by a skeletal warrior
             ... wielding a +0 glaive
              (18 damage)
             ... on level 10 of the Dungeon.
             The game lasted 00:21:13 (13121 turns).

dorian the Carver (Formicid Fighter)               Turns: 13121, Time: 00:21:13

Health: -1/75      AC: 34    Str: 22    XL:     11   Next: 88%
Magic:  11/11      EV:  4    Int: 14    God:    Okawaru [*.....]
Gold:   577        SH:  7    Dex: 13    Spells: 10/10 levels left

rFire   . . .        a - +3 scimitar
rCold   . . .        c - +0 buckler
rNeg    . . .        G - +8 orange crystal plate armour {Archmagi, Int+3 Clar}
rPois   .            (helmet unavailable)
rElec   .            (no cloak)
rCorr   +            r - +0 pair of gloves
SInv    +            (no boots)
Will    +....        (no amulet) Stlth
                     z - +4 ring of protection
HPRegen 0.32/turn    x - ring of resist corrosion
MPRegen 0.12/turn

%: clarity, archmagi
@: studying Stealth
A: permanent stasis, dig shafts and tunnels, antennae 3, four strong arms
a: Dig, Shaft Self, Renounce Religion, Heroism


You were on level 10 of the Dungeon.
You worshipped Okawaru.
Okawaru was aware of your devotion.
You visited 2 branches of the dungeon, and saw 12 of its levels.
You also visited: Bailey.

You collected 637 gold pieces.
You spent 60 gold pieces at shops.

Inventory:

Hand Weapons
 a - a +3 scimitar (weapon)
 b - a +3 great sword of chaos
 o - a +2 executioner's axe of flaming
 t - a +1 long sword of draining
Missiles
 d - 5 throwing nets
 y - 18 javelins (quivered)
 C - 12 poisoned darts
Armour
 c - a +0 buckler (worn)
 r - a +0 pair of gloves (worn)
 G - the +8 orange crystal plate armour (worn) {Archmagi, Int+3 Clar}
   (You acquired it in a bailey)

   Int:       It affects your intelligence (+3).
   Clar:      It protects you from confusion, rage, mesmerisation and fear.
Jewellery
 h - a +6 ring of intelligence
 x - a ring of resist corrosion (right hand)
 z - a +4 ring of protection (left hand)
Wands
 w - a wand of iceblast (5)
 A - a wand of quicksilver (9)
 B - a wand of digging (7)
 D - a wand of flame (38)
 H - a wand of charming (2)
Scrolls
 l - 2 scrolls of enchant armour
 m - a scroll of butterflies
 p - 2 scrolls of immolation
 u - 2 scrolls of fear
 F - 2 scrolls of fog
Potions
 e - 4 potions of cancellation
 f - 2 potions of ambrosia
 g - a potion of degeneration
 i - 6 potions of haste
 j - 3 potions of flight
 k - 2 potions of lignification
 n - a potion of heal wounds
 q - a potion of brilliance
 s - a potion of mutation
 v - a potion of resistance
 E - a potion of curing
 J - a potion of attraction
 K - a potion of berserk rage


   Skills:
 - Level 3.2 Fighting
 * Level 12.8 Long Blades
 + Level 10.4 Armour
 + Level 12.3 Shields


You had 10 spell levels left.
You didn't know any spells.
Your spell library contained the following spells:

 Spells                   Type           Power      Damage    Failure   Level
 Lesser Beckoning         Tloc           0%         N/A       100%        2
 Momentum Strike          Conj/Tloc      0%         3d8       100%        2
 Portal Projectile        Hex/Tloc       0%         N/A       100%        3
 Leda's Liquefaction      Hex/Erth       0%         N/A       100%        4
 Fireball                 Conj/Fire      0%         3d3       100%        5
 Iskenderun's Battlesphe  Conj           0%         2d6       100%        5
 Conjure Ball Lightning   Conj/Air       0%         3x3d6     100%        6
 Orb of Destruction       Conj           0%         9d5       100%        7
 Summon Small Mammal      Summ           Unusable   N/A       N/A         1
 Blink                    Tloc           Unusable   N/A       N/A         2
 Call Canine Familiar     Summ           Unusable   N/A       N/A         3
 Summon Guardian Golem    Hex/Summ       Unusable   N/A       N/A         3
 Summon Forest            Summ/Tloc      Unusable   N/A       N/A         5
 Summon Mana Viper        Hex/Summ       Unusable   N/A       N/A         5
 Summon Cactus Giant      Summ           Unusable   N/A       N/A         6

Dungeon Overview and Level Annotations

Branches:
Dungeon (11/15)            Temple (1/1) D:6            Lair (0/5) D:10
    Orc (0/2) D:9          Bailey (visited)

Altars:
Ashenzari
Cheibriados
Dithmenos
Elyvilon
Fedhas
Gozag
Hepliaklqana
Kikubaaqudgha
Makhleb
Nemelex Xobeh
Okawaru
Qazlal
Ru
Sif Muna
Trog
Uskayaw
Vehumet
Wu Jian
Xom
Yredelemnul
Zin
The Shining One

Shops:
D:3 *   D:4 *   D:5 !

Annotations:
D:2 1 runed translucent door, Crazy Yiuf


Innate Abilities, Weirdness & Mutations

You cannot be hasted, slowed, berserked, paralysed or teleported.
You can dig through walls and to a lower floor.
You have a pair of large antennae on your head. (SInv)
Your four strong arms can wield two-handed weapons with a shield.


Message History

You barely miss the skeletal warrior.
The skeletal warrior is almost destroyed.
The skeletal warrior hits you but does no damage.
You barely miss the skeletal warrior.
The skeletal warrior is almost destroyed.
The skeletal warrior hits you with a +0 glaive.
You hit the skeletal warrior but do no damage.
The skeletal warrior is almost destroyed.
You barely miss the skeletal warrior.
The skeletal warrior is almost destroyed.
The skeletal warrior hits you with a +0 glaive!
* * * LOW HITPOINT WARNING * * *
You hit the skeletal warrior but do no damage.
The skeletal warrior is almost destroyed.
You block the skeletal warrior's attack.
You closely miss the skeletal warrior.
The skeletal warrior is almost destroyed.
The skeletal warrior hits you with a +0 glaive!
* * * LOW HITPOINT WARNING * * *
You barely miss the skeletal warrior.
The skeletal warrior is almost destroyed.
You barely miss the skeletal warrior.
The skeletal warrior is almost destroyed.
The skeletal warrior hits you but does no damage.
You feel much better.
The skeletal warrior hits you but does no damage.
You hit the skeletal warrior but do no damage.
The skeletal warrior is almost destroyed.
The skeletal warrior hits you with a +0 glaive!
* * * LOW HITPOINT WARNING * * *
You hit the skeletal warrior but do no damage.
The skeletal warrior is almost destroyed.
The skeletal warrior hits you with a +0 glaive.
* * * LOW HITPOINT WARNING * * *
You hit the skeletal warrior.
The skeletal warrior is almost destroyed.
You hit the skeletal warrior.
The skeletal warrior is almost destroyed.
The skeletal warrior hits you with a +0 glaive!!
You die...

.................##..##..........
................###.##.....###...
.....................#....###....
...##........##...........#.....#
.#...........##...............[.#
.#............#..................
.###.........#).........##.......
..#..[.......#...#.......##.....#
....##...#......@##.#...####....#
#..##...###....z).......# #.....
####...........>....##### #.#.#.
#####...............#.######.####
#..#.........................####
................[.#.............#
#####.............#..............
....#.......#...####.........#.##
###.#.......###.###..........###.


You could see a skeletal warrior.

Vanquished Creatures
  Harold (D:10)
  Amaemon (D:10)
  2 skeletal warriors (D:10)
  Joseph (D:9)
  An unseen horror (D:10)
  Grinder (D:5)
  A shadow (D:11)
  2 humans (D:10)
  4 steam dragons
  3 vampire mosquitoes
  2 acid dragons (D:9)
  Edmund (D:5)
  2 water moccasins
  11 orc warriors
  3 ice beasts
  3 black bears
  4 sky beasts
  An ogre (D:10)
  12 centaurs
  3 kobold brigands
  2 gnoll sergeants
  A bullfrog (D:7)
  3 necrophages (D:7)
  4 scorpions
  A water moccasin zombie (D:7)
  4 wights (D:8)
  A killer bee (D:8)
  3 howler monkeys (D:7)
  2 bullfrog zombies (D:7)
  4 centaur zombies (D:7)
  A human zombie (D:7)
  4 orc priests
  5 jellies
  4 hounds
  A sleepcap (D:3)
  4 iguanas
  5 orc wizards
  A mummy (D:7)
  8 gnolls
  5 adders
  A shadow imp (D:8)
  4 white imps
  2 ufetubi
  A dart slug (D:4)
  43 orcs
  2 bats
  5 endoplasms
  13 giant cockroaches
  7 goblins
  5 hobgoblins
  7 jackals
  4 quokkas
  5 ball pythons
  2 frilled lizards
  15 kobolds
  4 rats
  A spectral goblin (D:9)
243 creatures vanquished.

Vanquished Creatures (others)
  A sky beast (D:8)
1 creature vanquished.

Grand Total: 244 creatures vanquished

Notes
Turn   | Place    | Note
-------+----------+-------------------------------------------
     0 | D:1      | dorian the Formicid Fighter began the quest for the Orb.
     0 | D:1      | Reached XP level 1. HP: 18/18 MP: 1/1
   482 | D:1      | Found a faded altar of an unknown god.
   585 | D:1      | Reached XP level 2. HP: 21/24 MP: 2/2
  1132 | D:2      | Reached XP level 3. HP: 27/29 MP: 3/3
  1440 | D:2      | Found a runed translucent door.
  1441 | D:2      | Noticed Crazy Yiuf
  1828 | D:3      | Reached XP level 4. HP: 25/35 MP: 4/4
  1847 | D:3      | Reached skill level 5 in Shields
  1847 | D:3      | Reached XP level 5. HP: 11/41 MP: 5/5
  2085 | D:3      | Found Zin's Purification Station.
  2088 | D:3      | Found a glowing silver altar of Zin.
  2433 | D:3      | Found a snail-covered altar of Cheibriados.
  2669 | D:3      | Reached XP level 6. HP: 30/47 MP: 6/6
  2908 | D:4      | Noticed a black bear
  2916 | D:4      | Killed a black bear
  2974 | D:4      | Reached skill level 5 in Long Blades
  3150 | D:4      | Reached XP level 7. HP: 48/52 MP: 7/7
  3309 | D:4      | Reached skill level 5 in Armour
  3432 | D:4      | Found Bygress's Bounteous Boutique.
  3720 | D:5      | Entered Level 5 of the Dungeon
  3720 | D:5      | Found Ymaiss's Distillery.
  3759 | D:5      | Reached XP level 8. HP: 58/58 MP: 8/8
  3761 | D:5      | Bought a potion of heal wounds for 60 gold pieces
  3994 | D:5      | Noticed Grinder
  4002 | D:5      | Killed Grinder
  4003 | D:5      | Noticed Edmund
  4017 | D:5      | Killed Edmund
  4566 | D:6      | Reached XP level 9. HP: 64/64 MP: 9/9
  4850 | D:6      | Found a staircase to the Ecumenical Temple.
  4856 | Temple   | Entered the Ecumenical Temple
  5289 | D:6      | Found a broken altar of Ashenzari.
  5608 | D:7      | Found a basalt altar of Yredelemnul.
  6293 | D:7      | Reached XP level 10. HP: 65/70 MP: 10/10
  6962 | D:8      | Found a hide-covered altar of Uskayaw.
  7060 | D:8      | Reached skill level 10 in Long Blades
  7069 | D:8      | Reached skill level 10 in Shields
  7152 | D:8      | Found an opulent altar of Gozag.
  7170 | D:8      | Found a flagged portal.
  7179 | Bailey   | Entered a bailey
  9259 | Bailey   | Acquired the +8 orange crystal plate armour {Archmagi,
                  | Int+3 Clar}
  9259 | Bailey   | Found the +8 orange crystal plate armour {Archmagi, Int+3
                  | Clar}
  9398 | D:8      | Reached XP level 11. HP: 48/70 MP: 11/11
  9709 | D:8      | Found an ancient bone altar of Kikubaaqudgha.
 10108 | D:8      | Found a sacrificial altar of Ru.
 10461 | D:9      | Found a white marble altar of Elyvilon.
 10476 | D:9      | Noticed Joseph
 10489 | D:9      | Killed Joseph
 10829 | D:9      | Found a hazy altar of Hepliaklqana.
 10864 | D:9      | Found a staircase to the Orcish Mines.
 11103 | D:10     | Entered Level 10 of the Dungeon
 11171 | D:10     | Noticed Harold
 11189 | D:10     | Killed Harold
 11194 | D:10     | Found a staircase to the Lair.
 12029 | D:10     | Found a burning altar of Makhleb.
 12145 | D:10     | Found an iron altar of Okawaru.
 12162 | D:10     | Reached skill level 10 in Armour
 12174 | D:10     | Became a worshipper of Warmaster Okawaru
 12272 | D:10     | Found a stormy altar of Qazlal.
 12321 | D:10     | Found a bloodstained altar of Trog.
 12521 | D:11     | Noticed Amaemon
 12521 | D:11     | Noticed a skeletal warrior
 12521 | D:11     | Noticed a skeletal warrior
 12521 | D:11     | Noticed a skeletal warrior
 12541 | D:10     | Killed Amaemon
 12550 | D:10     | HP: 3/75 [poisoned by Amaemon]
 12903 | D:10     | Killed a skeletal warrior
 12903 | D:10     | Reached * piety under Okawaru
 13020 | D:10     | Killed a skeletal warrior
 13121 | D:10     | Slain by a skeletal warrior

Illustrated notes

Levels and vault maps discovered:
D:1:      matt_arrival_los_fun, layout_basic,
          dreamdust_ecumenical_altar_hidden_monk_grotto
D:2:      layout_loops_ring, uniq_crazy_yiuf_cottage
D:3:      minmay_roachtagon, layout_basic, zin_purify, lemuel_tele_altar
D:4:      layout_loops_ring, nicolae_alphabet_shops, grunt_tough_drop
D:5:      layout_loops_cross, serial_shops, nicolae_stop_n_shop_1, uniq_edmund,
          uniq_grinder
D:6:      layout_basic, evilmike_ruin_ashenzari, minmay_temple_entry_hall
D:7:      layout_basic, lemuel_mausoleum_altar_yredelemnul
D:8:      layout_basic, mainiacjoe_overflow_catch_the_wave,
          lemuel_coloured_pillars_altar, nicolae_ru_the_path_less_chosen,
          enter_bailey_6, hangedman_misty_isle
D:9:      layout_stronghold, nicolae_hepliaklqana_monster_ancestors,
          elyvilon_altar_4, orc_0_dummy, nicolae_figureground_pulse, uniq_joseph
D:10:     layout_cave_pools, okawaru_humans, mainiacjoe_overflow_24_doors,
          bloody_makhleb, mainiacjoe_overflow_alcove_4, lair_entry_dummy,
          grunt_ogre_cave, uniq_harold
D:11:     layout_rooms, uniq_amaemon, uniq_sonja
Temple:   nicolae_temple_two_arcs

Skill      XL: |  1  2  3  4  5  6  7  8  9 10 11 |
---------------+----------------------------------+-----
Long Blades    | 3 4 5 6 7 9 11 12 | 12.8
Armour         | 4 5 6 7 9 10 | 10.4
Shields        | 5 6 7 9 10 12 | 12.3
Fighting       | |  3.2

Action                     |  1- 3 |  4- 6 |  7- 9 | 10-12 || total
---------------------------+-------+-------+-------+-------++-------
  Melee: Long sword        |   106 |   135 |   395 |   324 ||   960
         Great sword       |       |       |       |   236 ||   236
         Scimitar          |       |       |       |    36 ||    36
  Throw: Javelin           |       |       |       |    13 ||    13
         Boomerang         |       |       |       |     6 ||     6
         Dart              |       |       |       |     5 ||     5
  Evoke: Wand              |       |       |       |     2 ||     2
    Use: Scroll            |     8 |       |     8 |    13 ||    29
         Potion            |       |     1 |     2 |     6 ||     9
   Stab: Invisible         |       |       |       |     3 ||     3
 Armour: Scale mail        |    14 |       |       |       ||    14
         Plate armour      |    67 |    69 |   252 |   266 ||   654
         Crystal plate arm |       |       |       |   286 ||   286
  Dodge: Dodged            |    33 |    41 |    85 |   156 ||   315
  Block: Buckler           |    30 |    35 |   109 |   288 ||   462
